AoeStats
← Sok

Black Forest

505939154Analyzed
4v4 RM · 20d ago on Sep 11, 2026· 73m 1s· 8 players
Game mode
Random Map
Map size
Large (8 player)
Population
200
Speed
Normal
Resources
Standard
Victory
Conquest
Starting age
Dark Age
Ending age
Imperial Age
RankedLock teamsTeams togetherTeam positionsShared explorationLock speedFull tech treeHidden civsTurbo modeCheats
Victory
Defeat
🇨🇱 Franks · Chile
725
+43
🇨🇱 Goths · Chile
704
+24
🇨🇱 Bengalis · Chile
670
+19
🇨🇱 Britons · Chile
653
+20
🇹🇷 Lithuanians · Türkiye
768
-19
🇬🇧 Inca · United Kingdom
759
-19
🇬🇪 Wei · Georgia
745
-19
🇳🇿 Britons · New Zealand
712
-17
adz0615
12:55 Feudal Age
14:55 Double-Bit Axe
14:51 Horse Collar
16:33 Gold Mining
21:51 Castle Age
20:21 Stone Mining
23:28 Bow Saw
22:57 Champi Runner
25:42 Treadmill Crane
27:33 Gold Shaft Mining
29:11 Stone Shaft Mining
29:56 Champi Warrior
31:00 Heavy Plow
32:41 Crossbowman
33:26 Thumb Ring
35:53 Wheelbarrow
38:36 Imperial Age
36:35 Fortified Wall
36:49 Ballistics
37:35 Forging
37:25 Scale Mail Armor
37:16 Fletching
37:27 Padded Archer Armor
37:52 Masonry
37:40 Murder Holes
40:36 Elite Champi Warrior
41:59 Iron Casting
41:20 Bodkin Arrow
41:40 Leather Archer Armor
41:39 Arbalester
42:43 Conscription
42:26 Fabric Shields
43:42 Chemistry
44:31 Blast Furnace
43:32 Bracer
45:05 Elite Kamayuk
63:52 Crop Rotation
63:31 Squires
63:16 Arson
avto.kakhishvili1
11:10 Feudal Age
15:33 Castle Age
13:52 Double-Bit Axe
13:55 Horse Collar
21:03 Fletching
22:13 Bodkin Arrow
24:44 Bow Saw
24:38 Heavy Plow
27:13 Wheelbarrow
26:35 Gold Mining
27:30 Padded Archer Armor
27:39 Scale Barding Armor
29:26 Hand Cart
30:08 Caravan
34:18 Imperial Age
32:42 Thumb Ring
33:12 Tuntian
35:49 Ming Guang Armor
37:00 Chemistry
36:23 Ballistics
36:14 Masonry
36:03 Elite Skirmisher
37:11 Parthian Tactics
43:51 Onager
46:01 Bracer
46:18 Leather Archer Armor
45:31 Heavy Hei Guang Cavalry
46:23 Bloodlines
46:37 Forging
46:48 Chain Barding Armor
49:30 Husbandry
53:54 Crop Rotation
54:04 Gold Shaft Mining
53:20 Stone Mining
63:06 Iron Casting
66:42 Blast Furnace
68:10 Light Cavalry
Poremmie
4:13 Loom
12:55 Feudal Age
17:20 Castle Age
17:48 Horse Collar
19:11 Town Watch
19:27 Double-Bit Axe
21:26 Bow Saw
26:13 Stone Mining
28:46 Fervor
31:59 Wheelbarrow
33:01 Hand Cart
32:57 Gold Mining
35:01 Caravan
40:01 Imperial Age
38:37 Gold Shaft Mining
40:37 Forging
40:18 Fletching
40:29 Padded Archer Armor
40:30 Scale Mail Armor
42:00 Yeomen
41:02 Elite Longbowman
42:04 Conscription
42:09 Bodkin Arrow
42:50 Iron Casting
42:31 Leather Archer Armor
43:18 Warwolf
45:33 Blast Furnace
45:55 Bracer
46:05 Murder Holes
46:31 Ballistics
45:52 Treadmill Crane
48:45 Ring Archer Armor
48:31 Chain Mail Armor
48:02 Pikeman
48:53 Halberdier
52:52 Squires
52:38 Gambesons
55:26 Fortified Wall
55:13 Arson
55:38 Town Patrol
Raichu
8:07 Loom
12:15 Feudal Age
16:52 Castle Age
30:10 Town Watch
31:00 Wheelbarrow
32:57 Imperial Age
32:09 Town Patrol
33:58 Caravan
34:28 Coinage
35:39 Hand Cart
35:32 Horse Collar
36:57 Light Cavalry
37:47 Bloodlines
37:37 Husbandry
36:58 Cavalier
40:46 Tower Shields
41:25 Pikeman
Sanzana1
8:31 Loom
10:48 Feudal Age
12:05 Wheelbarrow
11:12 Horse Collar
11:19 Double-Bit Axe
11:27 Gold Mining
16:04 Stone Mining
20:28 Castle Age
21:58 Hand Cart
22:30 Padded Archer Armor
22:21 Fletching
24:18 Crossbowman
25:00 Heavy Plow
25:16 Bow Saw
28:25 Crossbowman
29:46 Ballistics
30:27 Gold Shaft Mining
35:18 Imperial Age
35:05 Yeomen
36:02 Warwolf
38:01 Chemistry
37:12 Masonry
37:40 Pikeman
37:48 Arbalester
38:47 Leather Archer Armor
38:27 Bodkin Arrow
38:58 Elite Longbowman
43:44 Ring Archer Armor
43:14 Bracer
49:35 Halberdier
51:21 Scale Mail Armor
51:32 Forging
57:01 Chain Mail Armor
57:21 Iron Casting
[RESET]BOYKA
13:05 Feudal Age
16:22 Castle Age
17:14 Double-Bit Axe
23:29 Horse Collar
24:41 Bow Saw
32:15 Imperial Age
30:27 Wheelbarrow
29:38 Loom
30:32 Wheelbarrow
32:26 Hand Cart
32:14 Gold Mining
34:11 Siege Elephant
37:49 Ballistics
37:23 Fletching
37:50 Elite Elephant Archer
39:00 Bodkin Arrow
39:07 Padded Archer Armor
41:43 Leather Archer Armor
41:37 Bracer
48:45 Ring Archer Armor
Seba013009
4:13 Loom
15:42 Feudal Age
17:47 Wheelbarrow
17:56 Double-Bit Axe
20:03 Man-at-Arms
20:51 Gold Mining
20:45 Horse Collar
22:59 Stone Mining
27:44 Castle Age
28:56 Forging
28:48 Scale Mail Armor
28:15 Long Swordsman
29:59 Hand Cart
30:14 Heavy Plow
30:27 Bow Saw
32:18 Iron Casting
31:59 Chain Mail Armor
31:49 Scale Barding Armor
33:27 Anarchy
33:35 Squires
34:03 Crossbowman
37:18 Imperial Age
35:56 Padded Archer Armor
35:48 Fletching
39:14 Elite Huskarl
43:48 Blast Furnace
60:23 Bodkin Arrow
60:45 Leather Archer Armor
Sok
13:33 Feudal Age
16:01 Double-Bit Axe
17:19 Scale Barding Armor
17:25 Forging
22:36 Castle Age
23:04 Wheelbarrow
24:08 Light Cavalry
24:50 Husbandry
26:06 Bow Saw
26:41 Chain Barding Armor
26:58 Iron Casting
28:43 Gold Mining
28:47 Stone Mining
32:57 Imperial Age
30:55 Hand Cart
33:15 Gold Shaft Mining
34:40 Chivalry
37:56 Cavalier
40:52 Plate Barding Armor
41:17 Blast Furnace
50:29 Paladin
Connection lost

Rejoining the realm…

Still unreachable

The connection could not be restored.

Session expired

The server has moved on; the page needs a fresh start.